 Dungeon Crawl Stone Soup version 0.23-a0-241-g3b46b07 (webtiles) character file.

46 Amnesiac the Magician (level 3, -1/24 HPs)
             Began as a Mummy Wizard on Sept 26, 2018.
             Was a Follower of Cheibriados.
             Shot with a sling bullet by a goblin (7 damage)
             ... led by Robin
             ... on level 2 of the Dungeon.
             The game lasted 00:03:30 (2103 turns).

Amnesiac the Magician (Mummy Wizard)                Turns: 2103, Time: 00:03:30

Health: -1/24      AC:  2    Str: 12    XL:     3   Next: 46%
Magic:  0/10       EV: 12    Int: 20    God:    Cheibriados [*.....]
Gold:   96         SH:  0    Dex: 12    Spells: 8/13 levels left

rFire    x . .     SeeInvis .   e - +0 flail
rCold    + . .     Gourm    .   (no shield)
rNeg     + + +     Faith    .   a - +0 robe
rPois    ∞         Spirit   .   b - +0 hat
rElec    .         Reflect  .   (no cloak)
rCorr    .         Harm     .   (no gloves)
MR       .....                  (no boots)
Stlth    ++........             (no amulet)
HPRegen  0.08/turn              (no ring)
MPRegen  0.12/turn              (no ring)

@: very slow
A: no food or potions, fire vulnerability, cold resistance 1, negative energy
resistance 3, torment resistance, unbreathing
a: Bend Time, Renounce Religion


You were on level 2 of the Dungeon.
You worshipped Cheibriados.
Cheibriados was aware of your devotion.
You were not hungry.

You visited 1 branch of the dungeon, and saw 4 of its levels.

You collected 96 gold pieces.

Inventory:

Hand Weapons
 e - a +0 flail (weapon)
Armour
 a - a +0 robe (worn)
 b - a +0 hat (worn)
 f - a +0 large shield
Jewellery
 l - an uncursed ring of see invisible {unknown}
 m - an uncursed ring of flight {unknown}
Scrolls
 c - 4 scrolls of amnesia {!r, unknown}
 d - a scroll of random uselessness {!r, unknown}
 g - a scroll of enchant armour {!r, unknown}
 h - a scroll of fog {!r, unknown}
 i - 2 scrolls of remove curse {!r, unknown}
 j - 2 scrolls of identify {!r, unknown}
 k - a scroll of teleportation {!r, unknown}


   Skills:
 - Level 1.5 Dodging
 - Level 1.5 Stealth
 + Level 5.8 Spellcasting
 - Level 0.7 Conjurations
 - Level 0.7 Summonings
 - Level 0.7 Translocations


You had 8 spell levels left.
You knew the following spells:

 Your Spells              Type           Power        Failure   Level  Hunger
a - Magic Dart            Conj           #...         8%          1    N/A
b - Call Imp              Summ           #.......     12%         2    N/A
v - Blink                 Tloc           N/A          12%         2    N/A

Your spell library contained the following spells:

 Spells                   Type           Power        Failure   Level  Hunger
 Slow                     Hex            #.......     16%         2    N/A
 Conjure Flame            Conj/Fire      #.......     28%         3    N/A
 Mephitic Cloud           Conj/Pois/Air  #.......     28%         3    N/A

Dungeon Overview and Level Annotations

Branches:
Dungeon (4/15)
 Temple: D:4-7

Altars:
Cheibriados
Zin

Shops:
D:4 !

Annotations:
D:3 exclusion: skeleton


Innate Abilities, Weirdness & Mutations

You do not eat or drink.
Your flesh is vulnerable to fire.
You are immune to poison.
Your flesh is cold resistant. (rC+)
You are immune to negative energy. (rN+++)
You are immune to unholy pain and torment.
You can survive without breathing.


Message History

The kobold throws a stone.
The stone barely misses you.
Casting: Magic Dart (safe; 9% risk of failure)
Confirm with . or Enter, or press ? or * to list all spells.
You don't have enough magic to cast that spell.
A bat comes into view.
The kobold hits you with an enchanted mace.
* * * LOW HITPOINT WARNING * * *
Your magical contamination has completely faded away.
Items here: )) †† a club x2; a hobgoblin corpse x2
Casting: Magic Dart (safe; 9% risk of failure)
Confirm with . or Enter, or press ? or * to list all spells.
You don't have enough magic to cast that spell.
You closely miss the kobold. The kobold barely misses you.
Casting: Magic Dart (safe; 9% risk of failure)
Confirm with . or Enter, or press ? or * to list all spells.
You don't have enough magic to cast that spell.
You hit the kobold.
You kill the kobold!
Cheibriados appreciates the change of pace.
Cheibriados slows and strengthens your metabolism.
Cheibriados raises the support of your attributes as your movement slows.
The goblin wields a runed hunting sling.
It bursts into flame!
The goblin shoots a sling bullet.
The sling bullet misses you.
Casting: Magic Dart (safe; 8% risk of failure)
Confirm with . or Enter, or press ? or * to list all spells.
Aiming: Magic Dart (safe; 8% risk of failure)
Press: ? - help, Shift-Dir - straight line, f - goblin
Aim: a goblin, wielding a hunting sling of flaming The magic dart hits the goblin.
The goblin is severely wounded.
The goblin shoots a sling bullet.
The sling bullet hits you.
* * * LOW HITPOINT WARNING * * *
The sling bullet burns you.
* * * LOW HITPOINT WARNING * * *
A goblin comes into view. It is wielding a dagger.
A goblin comes into view. It is wielding a club.
The goblin unwields an uncursed hunting sling of flaming.
It stops flaming.
The goblin hits you.
* * * LOW HITPOINT WARNING * * *
A leopard gecko comes into view.
The goblin moves out of view.
Things that are here:
an enchanted mace; 4 stones; a kobold corpse
Casting: Magic Dart (safe; 8% risk of failure)
Confirm with . or Enter, or press ? or * to list all spells.
You don't have enough magic to cast that spell.
You are too injured to fight recklessly!
Casting: Magic Dart (safe; 8% risk of failure)
Confirm with . or Enter, or press ? or * to list all spells.
You don't have enough magic to cast that spell.
You are too injured to fight recklessly!
Casting: Magic Dart (safe; 8% risk of failure)
Confirm with . or Enter, or press ? or * to list all spells.
You don't have enough magic to cast that spell.
Okay, then.
You are too injured to fight recklessly!
You are too injured to fight recklessly!
You are too injured to fight recklessly!
The goblin wields an uncursed hunting sling of flaming.
It bursts into flame!
The goblin shoots a sling bullet.
The sling bullet hits you!
You die...

#############
#(.........<#
#.###########
#.# #.# #.#
#@# #)# #g#
... ....#
......
..b...##
.......#
l.gb....#


You could see a goblin and a bat.

Vanquished Creatures
  An adder skeleton (D:4)
  A dart slug (D:1)
  2 leopard geckos
  An orc (D:3)
  2 ball pythons
  3 giant cockroaches (D:1)
  3 hobgoblins
  8 bats
  A frilled lizard (D:1)
  3 goblins
  7 kobolds
  4 rats (D:1)
36 creatures vanquished.

Notes
Turn   | Place    | Note
-------+----------+-------------------------------------------
     0 | D:1      | Amnesiac the Mummy Wizard began the quest for the Orb.
     0 | D:1      | Reached XP level 1. HP: 13/13 MP: 5/5
   559 | D:3      | Reached XP level 2. HP: 19/19 MP: 2/7
   563 | D:3      | Learned a level 2 spell: Blink
   566 | D:3      | Learned a level 2 spell: Call Imp
  1012 | D:4      | Found a glowing silver altar of Zin.
  1012 | D:4      | Found a snail-covered altar of Cheibriados.
  1025 | D:4      | Found Hace Exuo's Distillery.
  1037 | D:4      | Became a worshipper of Cheibriados the Contemplative
  1121 | D:4      | Noticed a phantom
  1213 | D:1      | Reached skill level 5 in Spellcasting
  1580 | D:1      | Reached XP level 3. HP: 18/24 MP: 2/9
  2100 | D:2      | Reached * piety under Cheibriados
  2103 | D:2      | Shot with a sling bullet by a goblin

Vault maps used:
D:1:      onia_arrival_larder, minmay_misc_feat_square, minmay_pentomino_v4
D:2:      uniq_robin
D:4:      gammafunk_temple_overflow_elements, serial_shops, shop, first_ration,
          minivault_11, minmay_misc_feat_cross

Skill      XL: |  1  2 |
---------------+-------+-----
Spellcasting   | 5 |  5.8
Dodging        | |  1.5
Stealth        | |  1.5
Conjurations   | |  0.7
Summonings     | |  0.7
Translocations | |  0.7

Action                   || total
-------------------------++-------
Melee: Unarmed           ||    27
       Flail             ||    11
 Cast: Magic Dart        ||    96
Armor: Robe              ||     9
Dodge: Dodged            ||    51

Table legend:
 A = Non-vault XP
 B = Vault XP
 C = Vault XP percentage of total XP
 D = Non-vault monster count
 E = Vault monster count
 F = Vault count percentage of total count
                 A         B        C        D         E       F
            +---------+---------+-------+---------+---------+-------
      Total |      50 |      17 |  25.4 |      26 |      10 |  27.8
            +---------+---------+-------+---------+---------+-------
        D:1 |      30 |      11 |  26.8 |      18 |       7 |  28.0
        D:2 |       5 |       6 |  54.5 |       2 |       3 |  60.0
        D:3 |       5 |       0 |   0.0 |       3 |       0 |   0.0
        D:4 |      10 |       0 |   0.0 |       3 |       0 |   0.0
            +---------+---------+-------+---------+---------+-------
